General information
- name: BNet
- type: Ladder team game (AT/RT)
- host: Battle.net
- saver: KODOS_FORSAKEN
map: FullScaleAssault
- players: 8
- length: 34:11
- speed: Fast
- version: 1.24 W3XP
- replay type: Public
» download(248 KB)
Players
team 1 (winner)
imo.teb (
yellow | 23 APM | 780 actions | 34:10)
5 Blademaster
1 Wind Walk
3 Critical Strike
1 Mirror Image
4 Tauren Chieftain
2 War Stomp
2 Endurance Aura
» actions
| Assign group hotkey | 4 | |
| Basic commands | 11 | |
| Build / train | 100 | |
| Enter build submenu | 17 | |
| Enter hero's abilities submenu | 9 | |
| Give item / drop item | 7 | |
| Remove unit from queue | 1 | |
| Right click | 247 | |
| Select / deselect | 235 | |
| Select group hotkey | 79 | |
| Use ability | 70 | |
780 total
» units
| Peon | 28 | |
| Grunt | 2 | |
| Troll Witch Doctor | 7 | |
| Tauren | 8 | |
| Shaman | 8 | |
| Hippogryph | 4 | |
57 total
» upgrades
| Armor | 3 | |
| Witch Doctor Training | 2 | |
| Shaman Training | 2 | |
| Pulverize | 1 | |
| Melee Weapons | 3 | |
| Reinforced Defenses | 1 | |
12 total
» buildings
| Altar of Storms | 1 | |
| Orc Burrow | 8 | |
| Barracks | 1 | |
| Stronghold | 1 | |
| Voodoo Lounge | 1 | |
| War Mill | 1 | |
| Great Hall | 4 | |
| Fortress | 1 | |
| Spirit Lodge | 2 | |
| Tauren Totem | 2 | |
22 total
» build order
00:24 Altar of Storms
00:37 Orc Burrow
00:55 Barracks
01:37 Orc Burrow
02:45 Stronghold
02:50 Voodoo Lounge
03:44 War Mill
03:48 Orc Burrow
05:24 Great Hall
05:48 Fortress
06:20 Spirit Lodge
06:26 Spirit Lodge
08:24 Tauren Totem
09:13 Tauren Totem
09:50 Orc Burrow
09:52 Orc Burrow
09:53 Orc Burrow
10:52 Orc Burrow
10:54 Orc Burrow
22:25 Great Hall
24:06 Great Hall
26:56 Great Hall
» items
| Healing Salve | 3 | |
| Scroll of Protection | 3 | |
| Potion of Lesser Invulnerability | 1 | |
| Orb of Lightning | 1 | |
| Orb of Venom | 1 | |
| Potion of Healing | 5 | |
| Scroll of Town Portal | 3 | |
17 total

»
open_up (
green | 32 APM | 1107 actions | 34:10)
5 Beastmaster
2 Summon Quilbeast
1 Summon Bear
2 Summon Hawk
4 Firelord
2 Summon Lava Spawn
2 Soul Burn
3 Priestess of the Moon
2 Trueshot Aura
1 Searing Arrows
» actions
| Basic commands | 17 | |
| Build / train | 88 | |
| Enter build submenu | 25 | |
| Enter hero's abilities submenu | 12 | |
| Give item / drop item | 6 | |
| Remove unit from queue | 2 | |
| Right click | 489 | |
| Select / deselect | 405 | |
| Use ability | 63 | |
1107 total
» units
| Wisp | 23 | |
| Dryad | 13 | |
| Hippogryph | 17 | |
| Chimaera | 6 | |
59 total
» upgrades
| Strength of the Wild | 2 | |
| Reinforced Hides | 2 | |
| Abolish Magic | 1 | |
| Corrosive Breath | 1 | |
6 total
» buildings
| Moon Well | 9 | |
| Altar of Elders | 1 | |
| Tree of Ages | 1 | |
| Hunter's Hall | 1 | |
| Ancient of Lore | 2 | |
| Ancient of Wonders | 1 | |
| Tree of Life | 3 | |
| Ancient of Wind | 2 | |
| Tree of Eternity | 1 | |
| Chimaera Roost | 2 | |
| Ancient Protector | 4 | |
27 total
» build order
00:21 Moon Well
00:45 Altar of Elders
01:57 Tree of Ages
02:09 Moon Well
02:36 Hunter's Hall
03:03 Moon Well
04:42 Ancient of Lore
04:48 Ancient of Lore
04:58 Moon Well
05:14 Ancient of Wonders
06:46 Tree of Life
07:41 Ancient of Wind
08:49 Ancient of Wind
11:22 Tree of Eternity
11:26 Moon Well
12:34 Moon Well
16:02 Moon Well
16:10 Tree of Life
20:31 Chimaera Roost
20:47 Ancient Protector
20:52 Tree of Life
20:56 Ancient Protector
21:04 Ancient Protector
21:10 Ancient Protector
24:27 Chimaera Roost
29:47 Moon Well
30:25 Moon Well
» items
| Scroll of Town Portal | 2 | |
| Scroll of Protection | 1 | |
| Orb of Lightning | 1 | |
| Scroll of Speed | 1 | |
5 total

»
KODOS_FORSAKEN (
purple | 52 APM | 1763 actions | 34:11)
3 Archmage
2 Blizzard
1 Brilliance Aura
4 Dark Ranger
2 Silence
2 Life Drain
» actions
| Assign group hotkey | 39 | |
| Basic commands | 43 | |
| Build / train | 134 | |
| ESC pressed | 4 | |
| Enter build submenu | 50 | |
| Enter hero's abilities submenu | 7 | |
| Give item / drop item | 2 | |
| Right click | 552 | |
| Select / deselect | 318 | |
| Select group hotkey | 291 | |
| Use ability | 323 | |
1763 total
» units
| Peasant | 24 | |
| Goblin Shredder | 4 | |
| Goblin Zeppelin | 1 | |
29 total
» upgrades
| Masonry | 3 | |
| Lumber Harvesting | 2 | |
| Magic Sentry | 1 | |
6 total
» buildings
| Altar of Kings | 1 | |
| Farm | 7 | |
| Lumber Mill | 1 | |
| Scout Tower | 239 | |
| Arcane Tower | 6 | |
| Town Hall | 2 | |
| Guard Tower | 76 | |
| Keep | 1 | |
| Castle | 1 | |
| Arcane Sanctum | 1 | |
335 total
» build order
00:08 Altar of Kings
00:11 Farm
00:45 Farm
00:56 Lumber Mill
02:03 Farm
02:22 Scout Tower
02:25 Scout Tower
02:51 Arcane Tower
02:51 Arcane Tower
02:52 Arcane Tower
04:15 Town Hall
04:18 Scout Tower
04:18 Scout Tower
04:18 Scout Tower
04:53 Arcane Tower
04:55 Guard Tower
04:58 Scout Tower
04:59 Scout Tower
05:00 Scout Tower
05:29 Arcane Tower
06:01 Scout Tower
06:03 Scout Tower
06:04 Scout Tower
06:05 Scout Tower
06:06 Scout Tower
06:08 Scout Tower
06:10 Scout Tower
06:11 Scout Tower
06:12 Scout Tower
06:13 Scout Tower
06:14 Scout Tower
06:18 Scout Tower
06:19 Scout Tower
06:20 Scout Tower
06:22 Scout Tower
06:23 Scout Tower
06:24 Scout Tower
06:24 Scout Tower
06:31 Arcane Tower
06:32 Guard Tower
06:45 Guard Tower
06:52 Guard Tower
06:53 Guard Tower
06:57 Guard Tower
07:02 Scout Tower
07:02 Scout Tower
07:03 Scout Tower
07:03 Scout Tower
07:04 Scout Tower
07:06 Guard Tower
07:15 Guard Tower
07:37 Guard Tower
07:45 Scout Tower
07:46 Scout Tower
07:47 Scout Tower
07:47 Scout Tower
07:49 Scout Tower
07:53 Scout Tower
08:01 Guard Tower
08:13 Guard Tower
08:17 Scout Tower
08:18 Scout Tower
08:18 Scout Tower
08:19 Scout Tower
08:20 Scout Tower
08:20 Scout Tower
08:21 Scout Tower
08:21 Scout Tower
09:00 Guard Tower
09:36 Guard Tower
09:40 Guard Tower
09:52 Keep
09:54 Guard Tower
09:54 Guard Tower
09:58 Guard Tower
09:58 Guard Tower
10:10 Guard Tower
10:11 Guard Tower
10:15 Scout Tower
10:15 Scout Tower
10:15 Scout Tower
10:19 Guard Tower
10:29 Scout Tower
10:29 Scout Tower
10:29 Scout Tower
10:30 Scout Tower
10:31 Scout Tower
10:31 Scout Tower
10:32 Scout Tower
10:32 Scout Tower
10:32 Scout Tower
10:34 Scout Tower
10:34 Scout Tower
10:35 Scout Tower
10:55 Scout Tower
10:56 Scout Tower
10:56 Scout Tower
10:56 Scout Tower
10:57 Scout Tower
10:57 Scout Tower
10:58 Scout Tower
10:58 Scout Tower
10:59 Scout Tower
11:00 Guard Tower
11:18 Guard Tower
11:26 Scout Tower
11:26 Scout Tower
11:27 Scout Tower
11:27 Scout Tower
11:27 Scout Tower
11:28 Scout Tower
11:29 Scout Tower
11:35 Guard Tower
11:40 Guard Tower
12:00 Guard Tower
12:24 Castle
12:25 Guard Tower
13:02 Farm
13:07 Arcane Sanctum
13:12 Guard Tower
13:14 Guard Tower
13:17 Guard Tower
13:21 Scout Tower
13:21 Scout Tower
13:21 Scout Tower
13:22 Scout Tower
13:22 Scout Tower
13:23 Scout Tower
13:24 Scout Tower
13:26 Scout Tower
13:26 Scout Tower
13:27 Scout Tower
13:27 Scout Tower
13:28 Scout Tower
14:01 Farm
14:05 Farm
14:15 Guard Tower
14:30 Guard Tower
14:32 Guard Tower
14:43 Scout Tower
14:44 Scout Tower
14:44 Scout Tower
14:45 Scout Tower
14:45 Scout Tower
14:45 Scout Tower
15:09 Guard Tower
15:34 Guard Tower
15:53 Scout Tower
15:53 Scout Tower
15:53 Scout Tower
15:54 Scout Tower
15:55 Scout Tower
15:56 Scout Tower
15:56 Scout Tower
15:56 Scout Tower
15:57 Scout Tower
15:57 Scout Tower
15:58 Scout Tower
15:59 Scout Tower
16:00 Scout Tower
16:00 Scout Tower
16:01 Scout Tower
16:01 Scout Tower
16:02 Scout Tower
16:02 Scout Tower
16:40 Scout Tower
16:41 Scout Tower
16:41 Scout Tower
16:42 Scout Tower
16:42 Scout Tower
16:43 Scout Tower
16:43 Scout Tower
16:45 Scout Tower
16:45 Scout Tower
16:46 Scout Tower
16:47 Scout Tower
16:48 Scout Tower
16:48 Scout Tower
16:50 Scout Tower
16:51 Scout Tower
16:51 Scout Tower
17:01 Guard Tower
17:04 Guard Tower
17:04 Guard Tower
17:05 Guard Tower
17:05 Guard Tower
17:08 Guard Tower
17:08 Guard Tower
17:09 Guard Tower
17:09 Guard Tower
17:11 Guard Tower
17:16 Guard Tower
17:17 Guard Tower
17:17 Guard Tower
17:48 Farm
18:09 Guard Tower
18:40 Guard Tower
18:46 Scout Tower
18:46 Scout Tower
18:46 Scout Tower
18:47 Scout Tower
18:48 Scout Tower
18:48 Scout Tower
18:49 Scout Tower
18:49 Scout Tower
18:50 Scout Tower
18:50 Scout Tower
18:51 Scout Tower
18:51 Scout Tower
18:52 Scout Tower
18:52 Scout Tower
18:52 Scout Tower
18:53 Scout Tower
18:54 Scout Tower
18:54 Scout Tower
18:55 Scout Tower
18:55 Scout Tower
18:55 Scout Tower
18:55 Scout Tower
20:20 Guard Tower
20:28 Guard Tower
20:31 Guard Tower
21:30 Guard Tower
21:35 Guard Tower
22:14 Guard Tower
22:20 Town Hall
22:22 Scout Tower
22:22 Scout Tower
22:22 Scout Tower
22:23 Scout Tower
22:23 Scout Tower
22:24 Scout Tower
22:24 Scout Tower
22:25 Scout Tower
22:25 Scout Tower
23:48 Guard Tower
24:01 Scout Tower
24:01 Scout Tower
24:02 Scout Tower
24:02 Scout Tower
24:02 Scout Tower
24:03 Scout Tower
24:03 Scout Tower
24:04 Scout Tower
24:04 Scout Tower
24:05 Scout Tower
24:06 Scout Tower
24:07 Scout Tower
24:09 Scout Tower
24:10 Scout Tower
24:11 Scout Tower
24:12 Scout Tower
24:12 Scout Tower
24:13 Scout Tower
24:13 Scout Tower
24:14 Scout Tower
25:05 Guard Tower
25:09 Guard Tower
25:39 Guard Tower
25:55 Guard Tower
26:24 Guard Tower
27:32 Guard Tower
27:34 Scout Tower
27:34 Scout Tower
27:35 Scout Tower
27:35 Scout Tower
27:35 Scout Tower
27:35 Scout Tower
27:36 Scout Tower
27:36 Scout Tower
27:37 Scout Tower
27:37 Scout Tower
27:37 Scout Tower
27:38 Scout Tower
27:38 Scout Tower
28:14 Guard Tower
28:17 Scout Tower
28:18 Scout Tower
28:18 Scout Tower
28:18 Scout Tower
28:19 Scout Tower
28:19 Scout Tower
28:20 Scout Tower
28:20 Scout Tower
28:39 Guard Tower
28:53 Scout Tower
28:54 Scout Tower
28:55 Scout Tower
28:55 Scout Tower
28:56 Scout Tower
28:56 Scout Tower
29:09 Scout Tower
29:10 Scout Tower
29:11 Scout Tower
29:11 Scout Tower
29:12 Scout Tower
29:12 Scout Tower
29:13 Scout Tower
29:13 Scout Tower
29:14 Scout Tower
29:14 Scout Tower
29:15 Scout Tower
29:15 Scout Tower
29:16 Scout Tower
29:16 Scout Tower
29:17 Scout Tower
29:17 Scout Tower
29:18 Scout Tower
29:18 Scout Tower
29:19 Scout Tower
29:20 Scout Tower
29:21 Scout Tower
29:21 Scout Tower
29:22 Scout Tower
29:23 Scout Tower
29:23 Scout Tower
29:24 Scout Tower
29:24 Scout Tower
29:25 Scout Tower
29:25 Scout Tower
29:26 Scout Tower
29:30 Guard Tower
29:56 Guard Tower
30:17 Guard Tower
30:24 Guard Tower
30:27 Guard Tower
30:49 Guard Tower
31:00 Guard Tower
31:24 Guard Tower
31:48 Guard Tower
32:17 Guard Tower
» items
| Boots of Speed | 2 | |
| Potion of Invisibility | 1 | |
| Staff of Teleportation | 2 | |
| Scroll of Town Portal | 1 | |
6 total
Pe3epB (
orange | 31 APM | 989 actions | 32:01)
4 Demon Hunter
2 Immolation
2 Evasion
» actions
| Build / train | 116 | |
| Enter build submenu | 22 | |
| Enter hero's abilities submenu | 4 | |
| Remove unit from queue | 2 | |
| Right click | 523 | |
| Select / deselect | 285 | |
| Use ability | 37 | |
989 total
» units
| Wisp | 25 | |
| Archer | 22 | |
| Chimaera | 15 | |
| Hippogryph | 23 | |
85 total
» upgrades
| Strength of the Moon | 2 | |
| Moon Armor | 3 | |
| Improved Bows | 1 | |
| Strength of the Wild | 3 | |
| Reinforced Hides | 4 | |
| Corrosive Breath | 1 | |
14 total
» buildings
| Altar of Elders | 1 | |
| Moon Well | 8 | |
| Ancient of War | 3 | |
| Tree of Life | 1 | |
| Hunter's Hall | 1 | |
| Tree of Ages | 2 | |
| Tree of Eternity | 1 | |
| Ancient of Wind | 2 | |
| Chimaera Roost | 3 | |
| Ancient Protector | 2 | |
24 total
» build order
00:10 Altar of Elders
00:20 Moon Well
00:44 Moon Well
01:29 Ancient of War
01:48 Moon Well
02:08 Moon Well
03:36 Tree of Life
03:50 Moon Well
04:46 Moon Well
05:13 Hunter's Hall
05:36 Tree of Ages
05:37 Tree of Ages
07:20 Ancient of War
07:28 Ancient of War
07:38 Moon Well
08:06 Tree of Eternity
10:28 Ancient of Wind
11:34 Chimaera Roost
11:40 Chimaera Roost
11:47 Chimaera Roost
13:38 Ancient Protector
13:45 Ancient Protector
15:41 Moon Well
25:30 Ancient of Wind
» items
team 2 (loser)

»
bad-boy-jib (
pink | 83 APM | 2786 actions | 33:32)
4 Blademaster
2 Wind Walk
2 Critical Strike
» actions
| Basic commands | 1 | |
| Build / train | 109 | |
| Enter build submenu | 22 | |
| Enter hero's abilities submenu | 4 | |
| Give item / drop item | 1 | |
| Remove unit from queue | 11 | |
| Right click | 1917 | |
| Select / deselect | 537 | |
| Use ability | 183 | |
2786 total
» units
| Peon | 17 | |
| Troll Batrider | 31 | |
| Demolisher | 5 | |
| Goblin Sapper | 4 | |
| Goblin Zeppelin | 3 | |
60 total
» upgrades
| Ranged Weapons | 3 | |
| Liquid Fire | 1 | |
| Burning Oil | 1 | |
| Armor | 1 | |
6 total
» buildings
| Altar of Storms | 1 | |
| Orc Burrow | 5 | |
| War Mill | 1 | |
| Voodoo Lounge | 1 | |
| Stronghold | 3 | |
| Fortress | 2 | |
| Beastiary | 5 | |
| Barracks | 1 | |
| Great Hall | 6 | |
25 total
» build order
00:11 Altar of Storms
00:19 Orc Burrow
00:54 War Mill
01:22 Voodoo Lounge
02:36 Stronghold
02:36 Stronghold
02:37 Stronghold
05:13 Fortress
05:18 Beastiary
05:22 Beastiary
05:45 Beastiary
05:53 Orc Burrow
05:56 Orc Burrow
06:58 Orc Burrow
07:24 Orc Burrow
08:18 Barracks
10:05 Great Hall
13:17 Great Hall
22:06 Beastiary
22:07 Beastiary
23:49 Great Hall
23:52 Great Hall
26:43 Great Hall
30:12 Great Hall
» items
| Circlet of Nobility | 1 | |
| Boots of Speed | 3 | |
| Staff of Teleportation | 1 | |
| Healing Salve | 3 | |
| Scroll of Speed | 1 | |
| Lesser Clarity Potion | 3 | |
| Orb of Lightning | 1 | |
13 total

»
OIC (
blue | 97 APM | 3331 actions | 34:10)
6 Mountain King
3 Storm Bolt
2 Bash
1 Avatar
5 Paladin
3 Holy Light
1 Devotion Aura
1 Divine Shield
» actions
| Assign group hotkey | 81 | |
| Basic commands | 75 | |
| Build / train | 124 | |
| ESC pressed | 6 | |
| Enter build submenu | 40 | |
| Enter hero's abilities submenu | 11 | |
| Give item / drop item | 3 | |
| Right click | 1074 | |
| Select / deselect | 606 | |
| Select group hotkey | 1081 | |
| Use ability | 230 | |
3331 total
» units
| Peasant | 16 | |
| Footman | 6 | |
| Goblin Zeppelin | 6 | |
| Goblin Shredder | 3 | |
| Gryphon Rider | 13 | |
| Dragonhawk Rider | 16 | |
| Blue Dragon | 3 | |
| Knight | 5 | |
68 total
» upgrades
| Lumber Harvesting | 1 | |
| Storm Hammers | 1 | |
| Animal War Training | 2 | |
| Cloud | 1 | |
| Defend | 1 | |
6 total
» buildings
| Altar of Kings | 1 | |
| Barracks | 1 | |
| Farm | 14 | |
| Arcane Vault | 1 | |
| Lumber Mill | 1 | |
| Blacksmith | 1 | |
| Keep | 5 | |
| Scout Tower | 7 | |
| Guard Tower | 8 | |
| Arcane Tower | 2 | |
| Castle | 5 | |
| Gryphon Aviary | 2 | |
| Town Hall | 4 | |
52 total
» build order
00:09 Altar of Kings
00:25 Barracks
00:34 Farm
00:46 Farm
01:41 Arcane Vault
01:47 Farm
02:05 Lumber Mill
02:17 Blacksmith
02:39 Farm
04:01 Farm
04:08 Farm
04:19 Keep
04:19 Keep
04:35 Scout Tower
04:35 Scout Tower
05:33 Guard Tower
05:34 Arcane Tower
05:35 Arcane Tower
06:41 Castle
06:55 Gryphon Aviary
07:11 Gryphon Aviary
09:29 Farm
09:32 Farm
10:43 Scout Tower
10:58 Town Hall
11:37 Scout Tower
11:38 Guard Tower
11:57 Farm
11:57 Farm
12:44 Guard Tower
13:07 Farm
13:36 Farm
13:37 Farm
14:21 Scout Tower
14:35 Farm
16:06 Town Hall
20:21 Guard Tower
24:02 Town Hall
25:30 Scout Tower
25:34 Scout Tower
29:46 Keep
29:46 Keep
30:14 Town Hall
34:04 Castle
34:04 Castle
» items
| Healing Salve | 1 | |
| Lesser Clarity Potion | 4 | |
| Scroll of Speed | 1 | |
| Orb of Fire | 2 | |
| Potion of Lesser Invulnerability | 1 | |
| Scroll of Protection | 1 | |
| Scroll of Town Portal | 1 | |
11 total

»
super-vegeto-fr (
teal | 30 APM | 993 actions | 33:29)
5 Blademaster
2 Wind Walk
3 Critical Strike
» actions
| Basic commands | 1 | |
| Build / train | 65 | |
| Enter build submenu | 19 | |
| Enter hero's abilities submenu | 5 | |
| Give item / drop item | 1 | |
| Remove unit from queue | 1 | |
| Right click | 554 | |
| Select / deselect | 263 | |
| Use ability | 84 | |
993 total
» units
| Peon | 11 | |
| Tauren | 11 | |
| Shaman | 9 | |
| Demolisher | 4 | |
35 total
» upgrades
| Melee Weapons | 3 | |
| Armor | 2 | |
| Shaman Training | 2 | |
| Pulverize | 1 | |
| Burning Oil | 1 | |
9 total
» buildings
| Altar of Storms | 1 | |
| Orc Burrow | 9 | |
| Voodoo Lounge | 1 | |
| War Mill | 1 | |
| Stronghold | 1 | |
| Great Hall | 1 | |
| Fortress | 1 | |
| Watch Tower | 2 | |
| Tauren Totem | 2 | |
| Spirit Lodge | 1 | |
| Barracks | 1 | |
21 total
» build order
00:26 Altar of Storms
00:39 Orc Burrow
01:41 Orc Burrow
01:46 Voodoo Lounge
02:07 War Mill
02:37 Orc Burrow
02:39 Orc Burrow
04:20 Stronghold
04:35 Orc Burrow
05:36 Orc Burrow
07:05 Great Hall
07:21 Fortress
07:29 Orc Burrow
08:34 Orc Burrow
08:44 Watch Tower
10:08 Orc Burrow
10:12 Watch Tower
10:18 Tauren Totem
10:22 Tauren Totem
12:17 Spirit Lodge
18:22 Barracks
» items
| Scroll of Speed | 1 | |
| Healing Salve | 4 | |
| Lesser Clarity Potion | 4 | |
| Potion of Healing | 1 | |
| Potion of Mana | 1 | |
| Orb of Lightning | 1 | |
12 total
bananacake (
red | 76 APM | 2532 actions | 33:26)
6 Archmage
3 Summon Water Elemental
2 Brilliance Aura
1 Mass Teleport
5 Mountain King
2 Storm Bolt
3 Thunder Clap
4 Blood Mage
2 Banish
2 Flame Strike
» actions
| Assign group hotkey | 11 | |
| Basic commands | 1 | |
| Build / train | 100 | |
| ESC pressed | 1 | |
| Enter build submenu | 20 | |
| Enter hero's abilities submenu | 16 | |
| Give item / drop item | 2 | |
| Remove unit from queue | 8 | |
| Right click | 874 | |
| Select / deselect | 481 | |
| Select group hotkey | 952 | |
| Use ability | 66 | |
2532 total
» units
| Peasant | 6 | |
| Footman | 6 | |
| Rifleman | 13 | |
| Mortar Team | 18 | |
| Siege Engine | 12 | |
55 total
» upgrades
| Gunpowder | 1 | |
| Long Rifles | 1 | |
| Fragmentation Shards | 1 | |
| Flare | 1 | |
| Barrage | 1 | |
| Armor | 1 | |
6 total
» buildings
| Altar of Kings | 1 | |
| Barracks | 1 | |
| Farm | 10 | |
| Keep | 4 | |
| Arcane Vault | 1 | |
| Blacksmith | 1 | |
| Workshop | 2 | |
| Castle | 1 | |
| Lumber Mill | 1 | |
| Town Hall | 1 | |
23 total
» build order
00:07 Altar of Kings
00:16 Barracks
00:23 Farm
00:52 Farm
01:54 Farm
02:51 Keep
02:52 Keep
02:52 Keep
03:43 Arcane Vault
03:49 Blacksmith
03:59 Farm
05:35 Workshop
06:30 Farm
06:36 Farm
07:32 Farm
10:22 Castle
12:49 Lumber Mill
14:18 Farm
18:36 Farm
20:26 Farm
20:37 Workshop
25:00 Town Hall
» items
| Scroll of Regeneration | 4 | |
| Healing Salve | 1 | |
5 total
Chat log
(02:39 / Allies) imo.teb: mines
(05:09 / All) bad-boy-jib: wtb manaburn
(06:56 / Allies) imo.teb: stop
(07:05 / Allies) imo.teb: make units
(07:09 / Allies) imo.teb: tanks mass
(07:11 / Allies) KODOS_FORSAKEN: KNIGHTS
(07:24 / Allies) imo.teb: tanks
(07:33 / Allies) imo.teb: mass hippos
(07:53 / All) bad-boy-jib: wts terrror
(08:10 / All) bad-boy-jib: towers ftw
(08:32 / Allies) imo.teb: gold
(09:18 / Allies) KODOS_FORSAKEN: \repaiur
(09:59 / Allies) imo.teb: gold
(12:33 / Allies) imo.teb: afk toilett
(12:39 / Allies) imo.teb: u controll
(16:13 / All) bad-boy-jib: Pathetic
(16:18 / All) bad-boy-jib: mistell
(16:39 / Allies) imo.teb: orange tp
(17:55 / Allies) KODOS_FORSAKEN: \OMG
(19:03 / All) KODOS_FORSAKEN: D
(19:42 / All) bad-boy-jib: mass suidcide
(20:09 / Allies) KODOS_FORSAKEN: heal ward
(20:11 / Allies) KODOS_FORSAKEN: u fucking european
(21:23 / All) bad-boy-jib: Terror
(23:07 / Allies) KODOS_FORSAKEN: heal ward
(24:50 / Allies) imo.teb: go
(26:13 / Allies) imo.teb: go green
(31:04 / Allies) KODOS_FORSAKEN: why so many unmounts
(31:06 / Allies) KODOS_FORSAKEN: they dont have air
(31:27 / Allies) imo.teb: go
(32:43 / Allies) KODOS_FORSAKEN: b
(32:43 / Allies) KODOS_FORSAKEN: b
(32:44 / Allies) KODOS_FORSAKEN: b
(32:44 / Allies) KODOS_FORSAKEN: b
(33:43 / All) KODOS_FORSAKEN: nerd
(33:45 / All) KODOS_FORSAKEN: 5 expos
(33:48 / All) KODOS_FORSAKEN: and you still lap up my piss